AoeStats
← [GG] Shevchenko 7

Nomad

507895234Analyzed
3v3 RM · 13d ago on Sep 20, 2026· 39m 53s· 6 players
Game mode
Random Map
Map size
210×210
Population
200
Speed
Normal
Resources
Standard
Victory
Conquest
Starting age
Dark Age
Ending age
Imperial Age
RankedLock teamsTeams togetherTeam positionsShared explorationLock speedFull tech treeHidden civsTurbo modeCheats
Victory
Defeat
1047
+13
🇧🇷 Magyars · Brazil
1009
+15
🇧🇷 Portuguese · Brazil
973
+16
🇺🇸 Huns · United States
1015
-15
🇺🇸 Spanish · United States
985
-15
🇦🇷 Aztecs · Argentina
960
-41
NachoFries4886
3:22 Loom
16:24 Feudal Age
17:17 Double-Bit Axe
18:05 Stone Mining
19:15 Bloodlines
22:05 Castle Age
21:11 Gold Mining
29:22 Horse Collar
33:46 Imperial Age
31:44 Heavy Plow
33:04 Scale Barding Armor
34:11 Chain Barding Armor
33:52 Scale Mail Armor
37:03 Bow Saw
37:34 Wheelbarrow
36:45 Town Watch
38:11 Forging
38:16 Chain Mail Armor
Sonhero1
4:28 Loom
21:25 Feudal Age
21:29 Man-at-Arms
22:54 Wheelbarrow
22:15 Double-Bit Axe
22:32 Fishing Lines
26:14 Stone Mining
28:42 Castle Age
26:52 Gold Mining
27:57 Scale Mail Armor
28:08 Forging
30:08 Bloodlines
29:53 Horse Collar
31:43 Hand Cart
33:50 Bow Saw
34:10 Squires
36:13 Pikeman
38:08 Town Watch
38:24 Pikeman
lud
4:27 Loom
14:53 Feudal Age
19:06 Castle Age
17:06 Double-Bit Axe
20:10 Bow Saw
24:23 Pikeman
25:45 Forging
29:05 Scale Mail Armor
30:49 Iron Casting
32:04 Town Watch
32:11 Fletching
32:08 Elite Skirmisher
[GG] Raúl González Blanco
6:29 Loom
14:25 Feudal Age
24:01 Castle Age
22:25 Town Watch
26:37 Kamandaran
31:21 Fletching
33:27 Pikeman
33:47 Crossbowman
39:44 Imperial Age
38:43 Bodkin Arrow
41:01 Chemistry
[GG] Trezeguet
3:22 Loom
18:35 Feudal Age
23:08 Castle Age
21:50 Double-Bit Axe
21:52 Horse Collar
22:37 Scale Mail Armor
27:37 Gold Mining
29:10 Gold Shaft Mining
33:28 Imperial Age
31:51 Bow Saw
31:46 Heavy Plow
31:43 Stone Mining
35:30 Wheelbarrow
36:34 Corvinian Army
[GG] Shevchenko 7
3:15 Loom
3:57 Loom
15:56 Feudal Age
19:50 Scale Barding Armor
19:57 Forging
20:36 Bloodlines
26:00 Castle Age
26:41 Scale Mail Armor
28:05 Husbandry
33:23 Imperial Age
33:44 Wheelbarrow
38:19 Fletching
39:03 Redemption
Connection lost

Rejoining the realm…

Still unreachable

The connection could not be restored.

Session expired

The server has moved on; the page needs a fresh start.